[Event "*** Titled Tuesday Blitz"]
[Site "Chess.com"]
[Date "2021.04.06"]
[Round "10"]
[White "IriBu"]
[Black "Nils_03"]
[Result "1/2-1/2"]
[WhiteElo "2548"]
[BlackElo "2405"]
[TimeControl "180+1"]
[EndTime "11:54:55 PDT"]
[Termination "Game drawn by repetition"]

1. e4 c5 2. Be2 Nc6 3. f4 g6 4. Nf3 Bg7 5. O-O Nf6 6. d3 d5 7. e5 Nd7 8. c3 d4 9. cxd4 cxd4 10.
Nbd2 O-O 11. Ne4 Nb6 12. Re1 Bf5 13. Bf1 Nd5 14. Kh1 Qb6 15. h3 Rac8 16. g4 Bxe4 17.
dxe4 Ne3 18. Bxe3 dxe3 19. Qe2 Nb4 20. Rac1 Nxa2 21. Rxc8 Rxc8 22. f5 Nb4 23. Qxe3 Qxe3 24. Rxe3 Rc1 25. Kg2 e6 26. fxe6 fxe6 27. Rc3 Rxc3 28.
bxc3 Nc6 29. Bc4 Bxe5 30. Bxe6+ Kg7 31. Nxe5 Nxe5 32. Kf2 Kf6 33. Bc8 b6 34. Ke3 g5 35.
Ba6 Ke7 36. Kd4 Kd6 37. Bb5 h6 38. Ba6 Nc6+ 39. Kc4 Ne5+ 40. Kd4 Nf3+ 41. Ke3 Ne5 42. Kd4 1/2-1/2

[Event "*** Titled Tuesday Blitz"]
[Site "Chess.com"]
[Date "2021.04.06"]
[Round "10"]
[White "EvgenyT"]
[Black "Chigorinetz"]
[Result "1-0"]
[WhiteElo "2893"]
[BlackElo "2524"]
[TimeControl "180+1"]
[EndTime "11:54:57 PDT"]
[Termination "EvgenyT won by resignation"]

1. c4 Nc6 2. g3 h5 3. Nf3 e5 4. d3 Bc5 5. Nc3 d6 6. Na4 Bb4+ 7. Bd2 Bxd2+ 8. Qxd2 Nge7 9. Nc3 Bg4 10. Bg2 Bxf3 11. Bxf3 h4 12. O-O-O Ng6 13. e3 a6 14. Be4 Nge7 15. f4 Qd7 16. Kb1 b5 17. fxe5 dxe5 18. d4 Rd8 19. cxb5 axb5 20. Nxb5 O-O 21.
gxh4 Rb8 22. a4 Qe6 23. d5 Qg4 24. Qg2 Qxg2 25. Bxg2 Nb4 26. Nxc7 Nf5 27. Rhe1 Nd6 28. Bf1 Rfc8 29. Nb5 Nxb5 30. Bxb5 Rc2 31. d6 Rxh2 32. d7 Rd8 33. Rc1 Kf8 34. Rc8 Ke7 35. Rxd8 Kxd8 36. Rc1 Ke7 37. b3 Rd2 38. Rc8 1-0

[Event "*** Titled Tuesday Blitz"]
[Site "Chess.com"]
[Date "2021.04.06"]
[Round "10"]
[White "dpopadic"]
[Black "Annagozel"]
[Result "1-0"]
[WhiteElo "2284"]
[BlackElo "1863"]
[TimeControl "180+1"]
[EndTime "11:54:57 PDT"]
[Termination "dpopadic won on time"]

1. e4 e5 2. Nf3 Nc6 3. Bb5 a6 4.
Ba4 Nf6 5. O-O Be7 6. Re1 b5 7.
Bb3 d6 8. c3 Bg4 9. d3 O-O 10.
Nbd2 Na5 11. Bc2 c5 12. Nf1 Qc7 13. Ng3 d5 14. h3 Be6 15. exd5 Nxd5 16. Nxe5 Bd6 17.
d4 cxd4 18. cxd4 Rac8 19. Be4 f5 20. Bf3 Nb4 21. Bd2 Nc4 22. Nxc4 Bxc4 23. b3 Bf7 24.
Nxf5 Bg6 25. Nxd6 Qxd6 26. Bxb4 Qxb4 27. d5 Kh8 28. Rc1 1-0

[Event "*** Titled Tuesday Blitz"]
[Site "Chess.com"]
[Date "2021.04.06"]
[Round "10"]
[White "eljanov"]
[Black "Kostya_Nikologorskiy"]
[Result "1-0"]
[WhiteElo "2863"]
[BlackElo "2688"]
[TimeControl "180+1"]
[EndTime "11:55:01 PDT"]
[Termination "eljanov won by resignation"]

1. d4 d5 2. Bf4 Nf6 3. Nf3 c5 4. e3 Nc6 5. Nbd2 e6 6. c3 Bd6 7. Bg3 O-O 8. Bd3 b6 9. Qe2 Bb7 10. Rd1 Qc7 11. e4 Bf4 12. e5 Bxd2+ 13. Rxd2 Ne4 14.
Rc2 Ne7 15. Nd2 Nxd2 16. Rxd2 cxd4 17. cxd4 Rac8 18. O-O Qd7 19. Bf4 Rc7 20. Qh5 Ng6 21.
Be3 Rfc8 22. f4 Rc1 23. Rf2 Rxf1+ 24. Rxf1 Nf8 25. f5 g6 26. fxg6 fxg6 27. Qh4 Rc7 28. Bh6 Rc8 29. Qf6 1-0

[Event "*** Titled Tuesday Blitz"]
[Site "Chess.com"]
[Date "2021.04.06"]
[Round "10"]
[White "PowerThinking2650"]
[Black "VladaSviridova"]
[Result "0-1"]
[WhiteElo "2376"]
[BlackElo "2252"]
[TimeControl "180+1"]
[EndTime "11:55:02 PDT"]
[Termination "VladaSviridova won by resignation"]

1. e4 e6 2. d4 d5 3. Nd2 c5 4. Ngf3 cxd4 5. exd5 Qxd5 6. Bc4 Qd7 7. O-O Nc6 8. Nb3 a6 9. Nbxd4 Nxd4 10. Nxd4 Qc7 11. b3 Bd6 12. Nf3 Ne7 13. Bb2 b5 14. Bd3 Bb7 15. Qe2 Ng6 16. Be4 Nf4 17. Qe3 Bc5 18.
Bd4 Bxd4 19. Nxd4 Bxe4 20. Qxe4 O-O 21. Rad1 Rad8 22. Nf3 Ng6 23. g3 h6 24. c4 bxc4 25. bxc4 Qc5 26. h4 a5 27. Kg2 a4 28. h5 Qxh5 29.
Rc1 Qc5 30. Nd4 Rxd4 0-1

[Event "*** Titled Tuesday Blitz"]
[Site "Chess.com"]
[Date "2021.04.06"]
[Round "10"]
[White "reniite"]
[Black "joejan"]
[Result "0-1"]
[WhiteElo "2055"]
[BlackElo "2279"]
[TimeControl "180+1"]
[EndTime "11:55:03 PDT"]
[Termination "joejan won by resignation"]

1. e4 c5 2. Nf3 d6 3. d4 cxd4 4. Nxd4 Nf6 5. Nc3 a6 6. Rg1 e5 7.
Nb3 Be6 8. h3 Be7 9. g4 O-O 10.
Be3 Nc6 11. Qd2 a5 12. Bg2 a4 13.
Nc1 a3 14. bxa3 Rxa3 15. Nb3 Nb4 16. Nb5 Nxc2+ 17. Qxc2 Bxb3 18. Qb2 Qa5+ 19. Bd2 Qxb5 20. Qxa3 Be6 21. Qb4 Qa6 22. a4 Rc8 23. Qb5 Qa8 24. Bf3 Bc4 25. Qb4 Kf8 26. g5 d5 27. Qb1 Nxe4 28. Bxe4 dxe4 29. Qxe4 Kg8 30. Bc3 Bd6 31. Qe3 b5 32. axb5 Qd5 33. Rd1 Qe6 34. b6 Ba6 35.
Qd2 Qc4 36. Rc1 Bc5 37. Rd1 Qe4+ 38. Qe3 Bxe3 0-1

[Event "*** Titled Tuesday Blitz"]
[Site "Chess.com"]
[Date "2021.04.06"]
[Round "10"]
[White "Vandros57"]
[Black "andrewtnb"]
[Result "0-1"]
[WhiteElo "2202"]
[BlackElo "2357"]
[TimeControl "180+1"]
[EndTime "11:55:05 PDT"]
[Termination "andrewtnb won by resignation"]

1. d4 Nf6 2. c4 e6 3. Bg5 c5 4.
Bxf6 Qxf6 5. e3 Nc6 6. Nf3 cxd4 7. exd4 Bb4+ 8. Nc3 Bxc3+ 9. bxc3 O-O 10. Bd3 b6 11. O-O Ba6 12. Qe2 Rac8 13. Ne5 Nxe5 14. dxe5 Qe7 15.
Rad1 Rc7 16. f4 g6 17. Rf3 Rfc8 18. Rh3 Bxc4 19. Bxc4 Rxc4 20. Qd2 Qc5+ 21. Kf1 Rxc3 22. Rxc3 Qxc3 23. Qxc3 Rxc3 24. Rxd7 Ra3 25. Rd2 Kg7 26. Ke2 h6 27. h4 g5 28. hxg5 hxg5 29. fxg5 Ra5 30.
Kf3 Rxe5 31. Kf4 Rf5+ 32. Kg4 Kg6 33. Rd8 Rxg5+ 34. Kf3 Ra5 0-1

[Event "*** Titled Tuesday Blitz"]
[Site "Chess.com"]
[Date "2021.04.06"]
[Round "10"]
[White "iamnotIM"]
[Black "QuintilianoR"]
[Result "0-1"]
[WhiteElo "2580"]
[BlackElo "2706"]
[TimeControl "180+1"]
[EndTime "11:55:07 PDT"]
[Termination "QuintilianoR won by resignation"]

1. Nf3 d5 2. b3 c5 3. Bb2 f6 4. e4 dxe4 5. Nh4 Nh6 6. Bb5+ Nc6 7. Bxc6+ bxc6 8. Qh5+ g6 9. Qxc5 g5 10. Qxc6+ Bd7 11.
Qxe4 gxh4 12. Bxf6 Rg8 13. Bb2 Rc8 14. Nc3 h3 15. O-O-O hxg2 16. Rhg1 Bf5 17. Qa4+ Qd7 18. Qh4 Rg4 19. Qh5+ Bg6 20. Qe5 Qf5 21. Qxf5 Nxf5 22.
d3 Nd4 23. h3 Rg5 24. Ne4 Rxc2+ 25. Kb1 Rxb2+ 26. Kxb2 Bxe4 27. dxe4 Nf3 28. Kc2 Nxg1 29.
Rxg1 Bg7 30. f4 Bd4 0-1

[Event "*** Titled Tuesday Blitz"]
[Site "Chess.com"]
[Date "2021.04.06"]
[Round "10"]
[White "Harry_Rakkel"]
[Black "thechesscorner64"]
[Result "1-0"]
[WhiteElo "2580"]
[BlackElo "2422"]
[TimeControl "180+1"]
[EndTime "11:55:07 PDT"]
[Termination "Harry_Rakkel won on time"]

1. d4 Nf6 2. c4 e6 3. Nc3 Bb4 4. Nf3 b6 5. Bg5 Bb7 6. e3 h6 7. Bh4 g5 8. Bg3 Ne4 9. Qc2 Nxg3 10. hxg3 Qe7 11. g4 d6 12. O-O-O Bxc3 13. Qxc3 Nd7 14.
Nd2 O-O-O 15. f3 Kb8 16. Bd3 c5 17. Kb1 Rc8 18. dxc5 Nxc5 19. Bc2 d5 20. cxd5 Bxd5 21. e4 Nxe4 22. Qe5+ Qd6 23. Qxd6+ Nxd6 24. Rh2 Bxa2+ 25. Kxa2 Rxc2 26. Kb3 Rhc8 27. Rxh6 Nb5 28. Rh7 Nd4+ 29. Ka2 Nb5 30. Kb1 R8c7 31. Rg7 f6 32. Rg6 1-0

[Event "*** Titled Tuesday Blitz"]
[Site "Chess.com"]
[Date "2021.04.06"]
[Round "10"]
[White "MustafayevFarid2004"]
[Black "Susik_Gaboyan"]
[Result "1-0"]
[WhiteElo "2432"]
[BlackElo "2250"]
[TimeControl "180+1"]
[EndTime "11:55:08 PDT"]
[Termination "MustafayevFarid2004 won on time"]

1. d4 Nf6 2. c4 c5 3. d5 b5 4.
a4 b4 5. Nd2 d6 6. e4 g6 7. f4 Ng4 8. Bd3 h5 9. Ngf3 Bh6 10.
Nf1 Nd7 11. h3 Ngf6 12. e5 Ng8 13. Qc2 Nf8 14. Ng3 Rb8 15. Ne4 b3 16. Qb1 Bf5 17.
Neg5 Bxd3 18. Qxd3 Qd7 19. O-O Qf5 20. Qe2 Nh7 21.
exd6 Nxg5 22. fxg5 Bf8 23. Ne5 1-0

[Event "*** Titled Tuesday Blitz"]
[Site "Chess.com"]
[Date "2021.04.06"]
[Round "10"]
[White "yonaltimur"]
[Black "shreyansshah123"]
[Result "0-1"]
[WhiteElo "1757"]
[BlackElo "1648"]
[TimeControl "180+1"]
[EndTime "11:55:10 PDT"]
[Termination "shreyansshah123 won on time"]

1. e4 c5 2. Nf3 d6 3. d4 cxd4 4. Qxd4 Nc6 5. Bb5 Bd7 6. Qd3 a6 7. Bxc6 bxc6 8. c4 e6 9. O-O Nf6 10. Nc3 Qa5 11. b3 d5 12. exd5 cxd5 13. cxd5 Nxd5 14.
Nxd5 Qxd5 15. Qxd5 exd5 16. Re1+ Be6 17. Nd4 Kd7 18. Bf4 Bc5 19. Nf3 h6 20. Ne5+ Ke8 21. Rac1 Bd6 22. Nxf7 Kxf7 23. Bxd6 Rhc8 24. f4 Kf6 25.
Kf2 Kf7 26. Ke3 g6 27. Kd4 Kf6 28. a4 a5 29. g3 Kf7 30. Rf1 Kf6 31. Bc5 Kf7 32.
Rf3 Kg7 33. Rfc3 Bf7 34. Bb6 Rxc3 35. Rxc3 Re8 36. Rc7 Re4+ 37. Kc5 Re2 38. Kd6 Re6+ 39. Kd7 Rxb6 0-1

[Event "*** Titled Tuesday Blitz"]
[Site "Chess.com"]
[Date "2021.04.06"]
[Round "10"]
[White "maximnovik"]
[Black "crazy_but_lazy"]
[Result "1-0"]
[WhiteElo "2567"]
[BlackElo "2434"]
[TimeControl "180+1"]
[EndTime "11:55:11 PDT"]
[Termination "maximnovik won on time"]

1. d4 d5 2. c4 Nc6 3. cxd5 Qxd5 4. e3 e5 5. Nc3 Bb4 6. Bd2 Bxc3 7. Bxc3 Nf6 8.
dxe5 Qxd1+ 9. Rxd1 Ne4 10. Bb5 Nxc3 11. Bxc6+ bxc6 12. bxc3 Be6 13. Nf3 Bxa2 14. Ra1 Bc4 15. Nd2 Bd3 16. Ra5 Ke7 17. f3 Rhb8 18. Kf2 Rb2 19.
Rd1 Bc2 20. Rc1 Bf5 21. Ke1 Rb5 22. Rca1 Rxa5 23. Rxa5 Kd7 24. Nb3 Ke7 25. e4 Be6 26. Nc5 Bc4 27. Kd2 f6 28. exf6+ gxf6 29. Ke3 a6 30. Ra4 Bf1 31. Kf2 Bb5 32. Rd4 a5 33.
c4 Ba6 34. Ke3 Bc8 35. Rd3 Be6 36. Rc3 Bf7 37. f4 h5 38. f5 Kd6 39. Kd4 1-0

[Event "*** Titled Tuesday Blitz"]
[Site "Chess.com"]
[Date "2021.04.06"]
[Round "10"]
[White "ama18"]
[Black "Durarbayli"]
[Result "0-1"]
[WhiteElo "2510"]
[BlackElo "2722"]
[TimeControl "180+1"]
[EndTime "11:55:14 PDT"]
[Termination "Durarbayli won by resignation"]

1. e4 e5 2. Nf3 Nc6 3. Bb5 Nf6 4. d3 Bc5 5. c3 O-O 6. O-O d6 7. Bg5 h6 8. Bh4 g5 9. Nxg5 hxg5 10. Bxg5 Kg7 11.
Qf3 Kg6 12. h4 Rh8 13. Nd2 Rh5 14. Nc4 Rxg5 15. hxg5 Ng4 16. Ne3 Qxg5 17. Bc4 Nd8 18. d4 exd4 19. Nd5 Ne5 20. Qe2 Bg4 21. Qc2 Nf3+ 0-1

[Event "*** Titled Tuesday Blitz"]
[Site "Chess.com"]
[Date "2021.04.06"]
[Round "10"]
[White "Raud100"]
[Black "ega2006"]
[Result "0-1"]
[WhiteElo "2278"]
[BlackElo "2412"]
[TimeControl "180+1"]
[EndTime "11:55:16 PDT"]
[Termination "ega2006 won on time"]

1. d4 Nf6 2. c4 g6 3. Nc3 Bg7 4.
e4 d6 5. Be2 O-O 6. Bg5 a6 7. a4 c5 8. d5 e5 9. Qd2 Nbd7 10.
Nf3 Qc7 11. O-O Ne8 12. Be7 f5 13. Bxf8 Nxf8 14. a5 Nf6 15. Bd3 f4 16. Na4 Bg4 17. b4 Bxf3 18. gxf3 g5 19. bxc5 dxc5 20. Kh1 Ng6 21. Rg1 Nh4 22. Be2 g4 23. fxg4 Nxe4 24. Qe1 Ng5 25. f3 Nhxf3 26. Bxf3 Nxf3 27. Qe4 Nxg1 28. Kxg1 Qxa5 29. d6 Rd8 30. Qd5+ Kh8 31. d7 e4 32.
Qxe4 Bxa1 33. Qe8+ Kg7 34. Qe7+ Kg6 35. Qe6+ Bf6 0-1

[Event "*** Titled Tuesday Blitz"]
[Site "Chess.com"]
[Date "2021.04.06"]
[Round "10"]
[White "MateusViageiro"]
[Black "ehrenfeld"]
[Result "0-1"]
[WhiteElo "2360"]
[BlackElo "2528"]
[TimeControl "180+1"]
[EndTime "11:55:17 PDT"]
[Termination "ehrenfeld won by resignation"]

1. Nf3 Nf6 2. g3 d5 3. Bg2 c6 4. O-O Bg4 5. Ne5 h5 6. h3 Bf5 7.
d3 Nbd7 8. Nxd7 Qxd7 9. Nd2 Bxh3 10. e4 h4 11. Qf3 hxg3 12. fxg3 Bxg2 13. Qxg2 e6 14.
c3 dxe4 15. d4 Qd5 16. Rxf6 gxf6 17. Nxe4 Be7 18. Bf4 f5 19. Be5 Rh7 20. Nf6+ Bxf6 21. Bxf6 Qxg2+ 22. Kxg2 Kd7 23. c4 Rg8 24. Rd1 Rg6 25.
Be5 f6 26. Bf4 Ke7 27. Re1 Kf7 28. b4 Rg8 29. a4 Rd8 30. Be3 e5 31. dxe5 fxe5 32.
Bxa7 Rd2+ 33. Bf2 Kf6 34. b5 Ra2 35. Rd1 Ke6 36. c5 Rd7 37. Rxd7 Kxd7 38. bxc6+ Kxc6 39. Kf3 Rxa4 40. Be3 Kd5 41. Bf2 Ra3+ 42. Kg2 Ke4 0-1

[Event "*** Titled Tuesday Blitz"]
[Site "Chess.com"]
[Date "2021.04.06"]
[Round "10"]
[White "if_name_main_a"]
[Black "Boorchess"]
[Result "0-1"]
[WhiteElo "2326"]
[BlackElo "2532"]
[TimeControl "180+1"]
[EndTime "11:55:17 PDT"]
[Termination "Boorchess won by checkmate"]

1. c4 e5 2. Nc3 Nc6 3. Nf3 f5 4.
d4 e4 5. Ng5 Be7 6. h4 Nf6 7.
e3 O-O 8. Be2 d6 9. a3 a5 10.
Rb1 g6 11. b4 axb4 12. axb4 Kg7 13. Nh3 d5 14. b5 Nb8 15. Nf4 c6 16. cxd5 cxd5 17. Qb3 Bd6 18. Ncxd5 Nxd5 19. Nxd5 Be6 20. Bc4 Nd7 21. Nc3 Bxc4 22. Qxc4 Rc8 23. Qb3 Nb6 24.
Ra1 Qc7 25. Bb2 Nc4 26. Rc1 Qa5 27. Ke2 Nxb2 28. Qxb2 Ba3 29. Qa1 Qb4 30. Rc2 Qc4+ 31. Ke1 Bb4 32. Qa7 Bxc3+ 33. Kd1 Qd3+ 34. Kc1 Bd2+ 35.
Kb1 Qxc2+ 36. Ka1 Bc3# 0-1

[Event "*** Titled Tuesday Blitz"]
[Site "Chess.com"]
[Date "2021.04.06"]
[Round "10"]
[White "evgchess5"]
[Black "Margency"]
[Result "1-0"]
[WhiteElo "2910"]
[BlackElo "2723"]
[TimeControl "180+1"]
[EndTime "11:55:19 PDT"]
[Termination "evgchess5 won by resignation"]

1. e4 c5 2. Nf3 d6 3. d4 cxd4 4. Qxd4 Nc6 5. Bb5 Bd7 6. Qd3 Nf6 7. c4 g6 8. Nc3 Bg7 9. h3 O-O 10. O-O a6 11. Bxc6 Bxc6 12. Nd4 Rc8 13. Be3 Qa5 14. Rac1 Rfe8 15. Rfd1 Nd7 16. b3 Nc5 17. Qd2 Qd8 18.
f3 Nd7 19. a4 b6 20. Bh6 Bxh6 21. Qxh6 Bb7 22. Nd5 e6 23. Ne3 Qe7 24. Rc2 Nc5 25. Rc3 Rcd8 26. Ng4 f5 27. exf5 exf5 28. Nxf5 gxf5 29.
Nf6+ Kh8 30. Nxe8 Rxe8 31. Qxd6 Qg5 32. Qd2 f4 33. b4 Nxa4 34. Rd3 Rg8 35. Rd7 Bc6 36.
Qd4+ Rg7 37. Rd8+ 1-0

[Event "*** Titled Tuesday Blitz"]
[Site "Chess.com"]
[Date "2021.04.06"]
[Round "10"]
[White "TheMagicMaik"]
[Black "bratkoo"]
[Result "0-1"]
[WhiteElo "2425"]
[BlackElo "2564"]
[TimeControl "180+1"]
[EndTime "11:55:19 PDT"]
[Termination "bratkoo won by resignation"]

1. e4 g6 2. d4 Bg7 3. Nc3 d6 4.
Nf3 a6 5. a4 Nd7 6. h4 Ngf6 7.
e5 dxe5 8. dxe5 Ng4 9. e6 fxe6 10. Ng5 Nde5 11. Qxd8+ Kxd8 12. Bf4 h6 13. Bxe5 Nxe5 14.
O-O-O+ Ke8 15. Nge4 Rf8 16. Be2 Bd7 17. Rhe1 Bc6 18. f3 Rd8 19. Nc5 Rxd1+ 20. Bxd1 Kf7 21. f4 Nc4 22. Nxe6 Bxc3 23. bxc3 Rc8 24. Bg4 Kf6 25. Nd4 Re8 26. Re6+ Kg7 27. Nxc6 bxc6 28. Rxc6 Nb6 29.
a5 Nd5 30. Bf3 Nxf4 31. Rxa6 e5 32. Rc6 e4 33. Rxc7+ Kf6 34. Bg4 h5 35. Bd7 Re5 36. a6 e3 37. Rc4 e2 38. Rxf4+ Ke7 39. a7 e1=Q+ 40. Kb2 Ra5 41. Bc6 Qa1+ 42. Kb3 Qa3+ 43. Kc4 Qc5+ 44. Kd3 Qxc6 45. Re4+ Qxe4+ 46. Kxe4 Rxa7 47. c4 Rd7 0-1

[Event "*** Titled Tuesday Blitz"]
[Site "Chess.com"]
[Date "2021.04.06"]
[Round "10"]
[White "gisela_roque"]
[Black "JiiHart"]
[Result "1/2-1/2"]
[WhiteElo "1753"]
[BlackElo "2028"]
[TimeControl "180+1"]
[EndTime "11:55:19 PDT"]
[Termination "Game drawn by repetition"]

1. c4 e5 2. Nc3 Nf6 3. Nf3 Nc6 4. g3 Be7 5. Bg2 O-O 6. O-O d5 7. cxd5 Nxd5 8. a3 Be6 9. d3 Nxc3 10. bxc3 Qd7 11. Re1 Rfd8 12. Rb1 Rab8 13. Qa4 a6 14. Ng5 Bd5 15. e4 Be6 16. Nxe6 Qxe6 17. Rd1 Qa2 18. Be3 Rxd3 19. Rxd3 Qxb1+ 20. Rd1 Qb5 21. Qxb5 axb5 22. Bf1 Bxa3 23. Bxb5 Ne7 24. Rd7 Bd6 25.
Bb6 Rc8 26. c4 cxb6 27. Rxd6 Nc6 28. Rd7 Kf8 29. Rxb7 Na5 30. Rxb6 Nxc4 31. Bxc4 Rxc4 32. f3 Rc2 33. Rb5 f6 34. Rb7 h6 35. Rd7 Kg8 36. Re7 Kh7 37. Rd7 Kg6 38. Rb7 Rd2 39. Re7 Rc2 40. Rd7 Rb2 41. Re7 Rc2 42. Rd7 Rb2 43.
Re7 Rc2 1/2-1/2

[Event "*** Titled Tuesday Blitz"]
[Site "Chess.com"]
[Date "2021.04.06"]
[Round "10"]
[White "beautroll"]
[Black "hleol"]
[Result "1-0"]
[WhiteElo "2471"]
[BlackElo "2344"]
[TimeControl "180+1"]
[EndTime "11:55:20 PDT"]
[Termination "beautroll won by resignation"]

1. e4 c6 2. d4 d5 3. e5 Bf5 4. h4 h5 5. Bd3 Bxd3 6. Qxd3 e6 7.
Nf3 Qa5+ 8. Nc3 Qa6 9. Qd1 Bb4 10. Be3 Ne7 11. Ng5 Nf5 12. a3 Bxc3+ 13. bxc3 Nd7 14.
g4 Nxe3 15. fxe3 Qc4 16. Kd2 hxg4 17. Qxg4 Rf8 18. Raf1 Nxe5 19. Qf4 Ng6 20. Qg3 Ne7 21. Qe5 f6 22. Qxe6 fxg5 23. Rxf8+ Kxf8 24. hxg5 Ng8 25. Rh8 1-0

[Event "*** Titled Tuesday Blitz"]
[Site "Chess.com"]
[Date "2021.04.06"]
[Round "10"]
[White "Omk124"]
[Black "Oglob71"]
[Result "1-0"]
[WhiteElo "2571"]
[BlackElo "2375"]
[TimeControl "180+1"]
[EndTime "11:55:23 PDT"]
[Termination "Omk124 won by resignation"]

1. e4 c5 2. Nf3 Nc6 3. d4 cxd4 4.
Nxd4 Nf6 5. Nc3 d6 6. Be2 e5 7. Nb3 Be7 8. Be3 O-O 9. O-O a5 10. a4 Be6 11. f3 Nb4 12. Qd2 d5 13. exd5 Nfxd5 14. Nxd5 Nxd5 15. Bf2 Nb4 16. Rfd1 Qxd2 17.
Rxd2 Nxc2 18. Rxc2 Bxb3 19. Rc7 Bb4 20. Rxb7 Rac8 21.
Be1 Bd5 22. Bxb4 Bxb7 23. Bxf8 Kxf8 24. b3 Rc2 25. Bc4 Ke7 26. Re1 f6 27. Rd1 Bc6 28.
Kf1 h5 29. h4 Rc3 30. Rd2 Bxa4 31. Ra2 Bxb3 32. Bxb3 Rxb3 33. Rxa5 Kf7 34. Kf2 Kg6 35.
Ra4 Kf5 36. Kg3 Rd3 37. Kf2 Rd4 38. Ra7 g6 39. g3 Rd2+ 40. Ke3 Rg2 41. Ra4 Rxg3 42.
Kf2 Rh3 43. Kg2 Rxh4 44. Rxh4 Kg5 45. Ra4 Kf5 46. Kg3 g5 47. Kh3 Kg6 48. Ra8 Kf5 49. Rh8 Kg6 50. Kg3 f5 51. Re8 Kf6 52. Rf8+ Kg6 53.
Kf2 h4 54. Ke2 g4 55. fxg4 fxg4 56. Ke3 Kg5 57. Kf2 e4 58. Kg2 e3 59. Kh2 e2 60.
Re8 Kf4 61. Rxe2 Kf3 62. Ra2 h3 63. Ra3+ Kf4 64. Rb3 Kf5 65. Kg3 1-0

[Event "*** Titled Tuesday Blitz"]
[Site "Chess.com"]
[Date "2021.04.06"]
[Round "10"]
[White "FGHSMN"]
[Black "Chesswizard_2007"]
[Result "0-1"]
[WhiteElo "2585"]
[BlackElo "2709"]
[TimeControl "180+1"]
[EndTime "11:55:26 PDT"]
[Termination "Chesswizard_2007 won by checkmate"]

1. e4 c5 2. Nf3 Nc6 3. d4 cxd4 4. Nxd4 Nf6 5. Nc3 h5 6. Be2 d6 7. h3 g6 8. Be3 Bg7 9. Qd2 Bd7 10. O-O-O O-O 11.
g4 h4 12. f4 Nh7 13. g5 b5 14. Nxc6 Bxc6 15. f5 Qa5 16. Nd5 Qxa2 17. Nxe7+ Kh8 18. Qb4 a5 19. Qb3 Qxb3 20. cxb3 Bxe4 21. f6 Nxf6 22.
gxf6 Bxf6 23. Nd5 Rac8+ 24. Bc4 bxc4 25. Nxf6 cxb3+ 26. Kd2 Rc2+ 27. Ke1 Bxh1 28. Bd4 Rfc8 29. Nd5+ Kh7 30. Nf6+ Kg7 31. Nd7+ Kh6 32. Be3+ g5 33.
Rxd6+ Kh7 34. Nf6+ Kg7 35. Nh5+ Kf8 36. Bxg5 Re8+ 37.
Kf1 Bg2+ 38. Kg1 Re1+ 39. Kh2 Rh1# 0-1

[Event "*** Titled Tuesday Blitz"]
[Site "Chess.com"]
[Date "2021.04.06"]
[Round "10"]
[White "MasterMK73"]
[Black "woodhy"]
[Result "0-1"]
[WhiteElo "2288"]
[BlackElo "2427"]
[TimeControl "180+1"]
[EndTime "11:55:28 PDT"]
[Termination "woodhy won on time"]

1. e4 e6 2. d4 d5 3. Nd2 c5 4.
dxc5 Bxc5 5. Bd3 Nc6 6. Ngf3 Nf6 7. O-O O-O 8. e5 Ng4 9. Qe2 Qb6 10. Nb3 Bxf2+ 11. Rxf2 Qxf2+ 12. Qxf2 Nxf2 13. Kxf2 f6 14. exf6 gxf6 15. Bh6 Rf7 16. c4 Ne5 17. Be2 Ng4+ 18. Kg1 Nxh6 19. Rd1 Bd7 20. Nc5 b6 21. Nxd7 Rxd7 22.
Nd4 Re8 23. Nb5 Kg7 24. Bf3 a6 25. Nd4 e5 26. Nb3 e4 27. Be2 Red8 28. c5 d4 29.
Bxa6 bxc5 30. Nxc5 Re7 31. Re1 f5 0-1

[Event "*** Titled Tuesday Blitz"]
[Site "Chess.com"]
[Date "2021.04.06"]
[Round "10"]
[White "Chessbard1972"]
[Black "Mikhal867"]
[Result "1-0"]
[WhiteElo "2331"]
[BlackElo "2432"]
[TimeControl "180+1"]
[EndTime "11:55:29 PDT"]
[Termination "Chessbard1972 won by checkmate"]

1. e4 g6 2. d4 Bg7 3. Nc3 d6 4. Be3 a6 5. a4 b6 6. f3 Nd7 7.
Qd2 Bb7 8. Bc4 e6 9. Nge2 Ne7 10.
O-O c5 11. Bh6 O-O 12. Bxg7 Kxg7 13. f4 d5 14. exd5 exd5 15. Ba2 c4 16. b3 Rc8 17. bxc4 dxc4 18. d5 Nf6 19. d6 Nf5 20. Rad1 Rc6 21. Nd4 Rc5 22. Nxf5+ gxf5 23. Qd4 Kh8 24. Bxc4 Rg8 25.
Rf2 Rg6 26. Bxf7 Rh6 27. Re1 Kg7 28. Re7 Rxc3 29. Rxb7 Qc8 30. Bd5+ Kf8 31. Rf7+ Ke8 32. Rxf6 Rxf6 33. Qxf6 Rxc2 34. Qe7# 1-0

[Event "*** Titled Tuesday Blitz"]
[Site "Chess.com"]
[Date "2021.04.06"]
[Round "10"]
[White "ViktoriyaTarasova"]
[Black "Chessdude1987"]
[Result "1-0"]
[WhiteElo "2449"]
[BlackElo "2316"]
[TimeControl "180+1"]
[EndTime "11:55:31 PDT"]
[Termination "ViktoriyaTarasova won by resignation"]

1. d4 Nf6 2. c4 g6 3. Nc3 d5 4. cxd5 Nxd5 5. Nf3 Bg7 6. g3 Nxc3 7.
bxc3 O-O 8. Bg2 c5 9. O-O Nd7 10.
Qc2 Qc7 11. d5 Qa5 12. Bd2 b5 13. e4 Ba6 14. Rfe1 b4 15. e5 Rac8 16. c4 Nb6 17. Bf1 Qa4 18. Qc1 e6 19. d6 Bb7 20. Bg2 Qa6 21.
Bg5 h6 22. Be7 Rfe8 23. Nd2 Bxg2 24. Kxg2 Qb7+ 25. Kg1 Rxe7 26. dxe7 Qxe7 27. f4 Qd7 28. Nb3 Qd3 29. Qd1 Qxc4 30. Rc1 Qb5 31. Qc2 c4 32.
Nd4 Qc5 33. Qf2 c3 34. Nb3 Qb5 35. Red1 a5 36. Nd4 Qa6 37. Nf3 Nd5 38. Nd4 Bf8 39.
Qe2 Bc5 40. Qxa6 1-0

[Event "*** Titled Tuesday Blitz"]
[Site "Chess.com"]
[Date "2021.04.06"]
[Round "10"]
[White "Gerodot71"]
[Black "SargissyanSargis"]
[Result "1-0"]
[WhiteElo "2551"]
[BlackElo "2387"]
[TimeControl "180+1"]
[EndTime "11:55:32 PDT"]
[Termination "Gerodot71 won on time"]

1. d4 Nf6 2. c4 g6 3. Nc3 d5 4.
Bg5 Ne4 5. Bh4 Nxc3 6. bxc3 Bg7 7. e3 c5 8. Nf3 Nc6 9. Be2 O-O 10. O-O dxc4 11.
Bxc4 Na5 12. Be2 Be6 13. Qa4 Rc8 14. Rfc1 b6 15. Rab1 Bd5 16. h3 Bc6 17. Qa3 c4 18. Bxe7 Qd7 19. Bxf8 Bxf8 20. Qb2 Qd5 21. Ne1 Qg5 22.
Bf3 Bd7 23. Kh1 Bd6 24. Qe2 Qh4 25. Kg1 Re8 26. Qf1 Bf5 27. Rb5 Bd7 28. Rb2 f5 29.
g3 Qh6 30. h4 g5 31. hxg5 Qxg5 32. Ng2 Kg7 33. Nf4 Kg8 34. Qh3 Re7 35. Kg2 Nc6 36. Rh1 Nd8 37. Qh4 Qg7 38. Nh5 1-0

[Event "*** Titled Tuesday Blitz"]
[Site "Chess.com"]
[Date "2021.04.06"]
[Round "10"]
[White "KroshkaKami"]
[Black "CzechmVIII"]
[Result "1-0"]
[WhiteElo "2354"]
[BlackElo "2198"]
[TimeControl "180+1"]
[EndTime "11:55:32 PDT"]
[Termination "KroshkaKami won by checkmate"]

1. e4 c5 2. Nf3 d6 3. d4 cxd4 4. Nxd4 Nf6 5. Nc3 g6 6. Be3 Bg7 7. Bb5+ Bd7 8. f3 O-O 9. Qd2 Nc6 10. Bxc6 bxc6 11. O-O-O Rb8 12. Bh6 Bxh6 13. Qxh6 c5 14. Nde2 Qa5 15. h4 Bb5 16. Nf4 Bc4 17. h5 Rxb2 18.
hxg6 Rfb8 19. Nh5 Nxh5 20. Qxh7+ Kf8 21. Qh8# 1-0

[Event "*** Titled Tuesday Blitz"]
[Site "Chess.com"]
[Date "2021.04.06"]
[Round "10"]
[White "scandalgod"]
[Black "Bulldog167"]
[Result "0-1"]
[WhiteElo "2579"]
[BlackElo "2803"]
[TimeControl "180+1"]
[EndTime "11:55:33 PDT"]
[Termination "Bulldog167 won by resignation"]

1. d4 f5 2. e4 fxe4 3. Nc3 Nf6 4.
Bg5 c6 5. f3 Qa5 6. Qd2 d5 7.
Nxe4 Qxd2+ 8. Nxd2 Bf5 9. O-O-O Nbd7 10. Ne2 h6 11. Bf4 Kf7 12. g4 Bh7 13. h4 Re8 14. g5 Nh5 15. Bh3 e6 16. Be3 Bf5 17. Bg4 g6 18. Bxh5 gxh5 19. Ng3 hxg5 20. Bxg5 Bg6 21.
f4 Bd6 22. Nf3 Nf6 23. Ne5+ Kg7 24. Rhg1 Bxe5 25. fxe5 Ng4 26. Ne2 Rhf8 27. Nf4 Rf5 28. Rg3 Bf7 29. Rdg1 b6 30. Ra3 a5 31. Rb3 b5 32.
Rbg3 Kh7 33. Ra3 a4 34. Rag3 Rg8 35. Kd2 Rgxg5 36. hxg5 Rxf4 37. Rh1 Kg6 38. Rhg1 Kxg5 0-1